 Dungeon Crawl Stone Soup version 0.21-a0-404-g291f19a (webtiles) character file.

42 HaussVenomTeam the Conjurer (level 3, -1/26 HPs)
             Began as a Demigod Conjurer on Oct 28, 2017.
             Slain by a kobold (4 damage)
             ... on level 1 of the Dungeon.
             The game lasted 00:05:52 (813 turns).

HaussVenomTeam the Conjurer (Demigod Conjurer)       Turns: 813, Time: 00:05:52

Health: -1/26      AC:  2    Str: 11    XL:     3   Next: 17%
Magic:  8/8        EV: 13    Int: 21    God:
Gold:   76         SH:  0    Dex: 19    Spells: 5/6 levels left

rFire    . . .     SeeInvis .   l - +1 whip
rCold    . . .     Gourm    .   (no shield)
rNeg     . . .     Faith    .   a - +0 robe
rPois    .         Spirit   .   (no helmet)
rElec    .         Reflect  .   (no cloak)
rCorr    .         Harm     .   (no gloves)
MR       .....                  (no boots)
Stlth    ++........             (no amulet)
HPRegen  0.08/turn              f - +3 ring of dexterity
MPRegen  0.11/turn              (no ring)

@: no status effects
A: high mp 1
a: no special abilities


You were on level 1 of the Dungeon.
You were not hungry.

You visited 1 branch of the dungeon, and saw 2 of its levels.

You collected 76 gold pieces.

Inventory:

Hand Weapons
 d - a +0 club
 h - a +0 whip
 l - a +1 whip (weapon)
Missiles
 e - 34 sling bullets
 g - 11 arrows
Armour
 a - a +0 robe (worn)
Jewellery
 f - a +3 ring of dexterity (left hand)
Wands
 k - a wand of lightning (7/15)
Scrolls
 j - a scroll of identify
Potions
 i - a potion of flight
Books
 b - a book of Conjurations

   Spells                             Type                      Level
   a - Magic Dart                     Conjuration                  1
   b - Searing Ray                    Conjuration                  2
   c - Dazzling Spray                 Conjuration/Hexes            3
   d - Fulminant Prism                Conjuration/Hexes            4
   e - Force Lance                    Conjuration/Translocation    4
   f - Iskenderun's Mystic Blast      Conjuration                  4
Comestibles
 c - a bread ration
 m - a meat ration
 n - 2 chunks of flesh
 o - a royal jelly


   Skills:
 + Level 0.1 Maces & Flails
 + Level 2.0 Dodging
 + Level 2.1 Stealth
 + Level 2.0 Spellcasting
 + Level 4.2 Conjurations


You had 5 spell levels left.
You knew the following spells:

 Your Spells              Type           Power        Failure   Level  Hunger
a - Magic Dart            Conj           ###.         2%          1    #......


Dungeon Overview and Level Annotations

Branches:
Dungeon (2/15)


Innate Abilities, Weirdness & Mutations

You have an increased reservoir of magic. (+10% MP)


Message History

* * * LOW HITPOINT WARNING * * *
You hit the jackal.
The jackal is severely wounded.
The jackal barely misses you.
You closely miss the jackal.
The jackal is severely wounded.
The jackal closely misses you. The jackal bites you.
* * * LOW HITPOINT WARNING * * *
You hit the jackal.
You kill the jackal!
You hit the dart slug.
You kill the dart slug!
The kobold hits you.
* * * LOW HITPOINT WARNING * * *
Things that are here:
a dart slug corpse; a jackal corpse You barely miss the kobold.
The kobold is heavily wounded.
The kobold hits you.
You die...

###################
...............K@>#
###########.#######
#...# ###.# #.# #.#
########## #.#
.........# #.#
.........# #.#


You could see a kobold.

Vanquished Creatures
  3 dart slugs
  A leopard gecko (D:2)
  A bat (D:1)
  2 giant cockroaches (D:1)
  6 goblins
  2 hobgoblins (D:1)
  4 jackals
  3 frilled lizards
  5 kobolds (D:1)
  4 rats (D:1)
31 creatures vanquished.

Notes
Turn   | Place    | Note
-------+----------+-------------------------------------------
     0 | D:1      | HaussVenomTeam the Demigod Conjurer began the quest for the Orb.
     0 | D:1      | Reached XP level 1. HP: 14/14 MP: 5/5
   225 | D:1      | Reached XP level 2. HP: 20/20 MP: 4/7
   230 | D:1      | Reached skill level 4 in Conjurations
   640 | D:1      | Reached XP level 3. HP: 26/26 MP: 5/8
   813 | D:1      | Slain by a kobold

Vault maps used:
D:1:      minmay_arrival_five_plusses

Skill      XL: |  1  2 |
---------------+-------+-----
Conjurations   | 4 |  4.2
Dodging        | 2 |  2.0
Stealth        | 2 |  2.1
Spellcasting   | 2 |  2.0
Maces & Flails | |  0.1

Action                   || total
-------------------------++-------
Melee: Club              ||     8
       Whip              ||    35
 Cast: Magic Dart        ||    42
  Use: Scroll            ||     3
Armor: Robe              ||    11
Dodge: Dodged            ||    46

Table legend:
 A = Spawn XP
 B = Non-spawn XP
 C = Spawn XP percentage of total XP
 D = Spawn monster count
 E = Non-spawn monster count
 F = Spawn count percentage of total count
 G = Total turns spent on level
                    A         B        C        D         E        F      G
               +---------+---------+-------+---------+---------+-------+---------
         Total |       0 |      60 |   0.0 |       0 |      31 |   0.0 |   813
               +---------+---------+-------+---------+---------+-------+---------
           D:1 |       0 |      47 |   0.0 |       0 |      25 |   0.0 |   752
           D:2 |       0 |      13 |   0.0 |       0 |       6 |   0.0 |    61
               +---------+---------+-------+---------+---------+-------+---------
